Map: Pillars of Gold LE

Players

SortOf - Winner!

  • Race: Zerg Zerg
  • League: Grandmaster
  • Spawn Location: 1:00

Kas

  • Race: Terran Terran
  • League: Grandmaster
  • Spawn Location: 7:00

Event: DreamHack SC2 Masters 2020 Fall

VOD

Have the link to the VOD?

Description

Time

  • Played on: Sept. 6, 2020, 2:40 p.m.
  • Length: 11:25

All games in this series

Show
View Real Time Build Order
Export as new Build Order

SortOf Zerg - Winner!

Build Orders: Hatch First 

Get SALT Encoding   

  12  0:00  Drone  
  13  0:13  Overlord  
  13  0:18  Drone  
  14  0:31  Drone x2  
  16  0:49  Hatchery  
  15  0:52  Drone  
  15  0:56  Drone  
  17  1:00  Drone  
  18  1:14  Spawning Pool  
  18  1:16  Extractor  
  16  1:18  Drone  
  16  1:22  Drone  
  18  1:29  Drone  
  19  1:40  Drone  
  20  1:50  Drone  
  21  2:01  Queen x2  
  21  2:02  Zergling x4  
  27  2:11  Overlord  
  27  2:14  Drone  
  28  2:23  Metabolic Boost  
  28  2:30  Drone x2  
  28  2:36  Drone x2  
  28  2:37  Queen  
  33  2:44  Overlord  
  33  2:45  Zergling x2  
  34  2:55  Drone x2  
  36  3:14  Hatchery, Drone x4  
  36  3:16  Drone  
  36  3:19  Overlord  
  40  3:21  Drone  
  40  3:26  Queen  
  43  3:30  Drone  
  43  3:33  Overlord  
  44  3:37  Queen  
  44  3:39  Zergling x2  
  47  3:47  Drone  
  52  3:48  Drone x4  
  52  3:53  Drone x2  
  54  3:58  Extractor  
  54  4:00  Baneling Nest  
  52  4:05  Drone x2  
  52  4:08  Drone x2  
  56  4:14  Queen, Evolution Chamber  
  56  4:15  Evolution Chamber  
  56  4:16  Overlord  
  55  4:19  Drone  
  55  4:24  Drone  
  57  4:26  Drone  
  57  4:27  Drone  
  57  4:30  Overlord  
  59  4:31  Spore Crawler  
  59  4:32  Drone x2  
  59  4:34  Drone  
  61  4:40  Zergling x4, Spore Crawler  
  61  4:41  Zergling x2  
  61  4:43  Baneling  
  61  4:44  Zergling x2, Baneling  
  64  4:50  Zergling x6  
  67  4:58  Zergling x2  
  67  5:00  Drone  
  67  5:04  Zergling x2  
  67  5:06  Zerg Melee Weapons Level 1, Zerg Ground Armor Level 1  
  69  5:07  Drone x2  
  69  5:09  Drone  
  69  5:12  Drone x2  
  73  5:15  Overlord  
  73  5:18  Drone  
  73  5:19  Drone  
  75  5:21  Drone x3  
  75  5:23  Drone  
  75  5:27  Lair  
  79  5:30  Overlord  
  79  5:39  Drone x6, Extractor  
  84  5:43  Drone  
  84  5:48  Extractor  
  84  5:52  Hatchery  
  84  5:53  Zergling x6  
  85  5:59  Zergling x12  
  85  6:03  Queen  
  88  6:11  Zergling x12  
  88  6:14  Baneling x4  
  94  6:22  Drone  
  96  6:25  Hatchery, Drone  
  96  6:26  Baneling x4  
  96  6:27  Drone x2  
  96  6:28  Drone  
  96  6:30  Overlord  
  98  6:33  Centrifical Hooks  
  98  6:36  Baneling x4  
  98  6:37  Overseer  
  98  6:39  Overlord  
  98  6:44  Overlord  
  98  6:45  Overlord  
  98  6:53  Drone x8  
  106  6:58  Zergling x6  
  109  7:02  Zerg Ground Armor Level 2  
  109  7:06  Zerg Melee Weapons Level 2  
  109  7:11  Overlord  
  109  7:12  Infestation Pit  
  109  7:15  Drone x3  
  111  7:16  Zergling x6  
  111  7:19  Baneling x5  
  111  7:21  Baneling  
  111  7:22  Zergling x4  
  116  7:29  Queen  
  118  7:30  Zergling x10  
  122  7:46  Zergling x34  
  135  7:55  Hive  
  135  7:57  Extractor  
  134  8:00  Zergling x10  
  134  8:01  Zergling x4  
  134  8:04  Hatchery, Overlord  
  137  8:09  Overlord  
  137  8:11  Extractor  
  136  8:14  Overlord x2  
  136  8:15  Drone x3  
  136  8:16  Drone x2  
  136  8:18  Overlord  
  136  8:19  Baneling x9  
  141  8:25  Zergling x12  
  147  8:27  Overseer  
  147  8:28  Overlord  
  147  8:34  Zergling x14  
  153  8:47  Zergling x28  
  165  9:04  Baneling x10  
  165  9:06  Zergling x4  
  165  9:07  Zergling x20  
  177  9:12  Ultralisk Cavern  
  177  9:13  Adrenal Glands  
  176  9:19  Zergling x14  
  183  9:27  Viper  
  183  9:30  Drone x4  
  190  9:31  Drone x2  
  190  9:37  Hatchery  
  188  9:46  Zergling x16  
  192  9:52  Baneling  
  192  9:53  Baneling x7  
  184  10:00  Zergling x22  
  190  10:09  Baneling x16  
  190  10:13  Zergling x8  
  184  10:17  Zergling x2  
  184  10:18  Zergling x4  
  184  10:20  Zergling x8  
  184  10:21  Zergling x2  
  184  10:24  Zergling x6  
  186  10:30  Overlord  
  186  10:35  Overlord  
  186  10:43  Ultralisk  
  186  10:46  Zergling x14  
  193  10:50  Baneling x5  
  193  10:52  Zergling x18  
Show
View Real Time Build Order
Export as new Build Order

Kas Terran 

Build Orders: Liberator Opening, Reaper Expand 

Get SALT Encoding   

  12  0:00  SCV  
  13  0:12  SCV  
  14  0:18  Supply Depot  
  14  0:25  SCV  
  15  0:40  SCV  
  15  0:41  Barracks  
  16  0:44  Refinery  
  16  0:52  SCV  
  17  1:04  SCV  
  18  1:16  SCV  
  19  1:28  Reaper, Orbital Command  
  20  1:42  Command Center  
  20  1:53  Supply Depot  
  21  1:54  SCV  
  21  2:00  Marine  
  22  2:06  SCV  
  23  2:11  Factory  
  23  2:18  SCV  
  23  2:19  Refinery  
  24  2:23  Barracks Reactor  
  24  2:30  SCV  
  25  2:43  SCV  
  26  2:55  SCV, Starport  
  27  3:04  Hellion  
  31  3:05  Hellion  
  31  3:06  Orbital Command  
  31  3:13  SCV  
  31  3:18  Marine  
  33  3:25  Hellion  
  33  3:26  SCV  
  38  3:27  Hellion  
  38  3:33  SCV, Supply Depot  
  39  3:36  Liberator  
  42  3:44  SCV  
  43  3:53  SCV  
  44  3:58  Command Center  
  44  4:01  SCV  
  45  4:03  Supply Depot  
  45  4:10  SCV, Barracks Tech Lab  
  45  4:13  Hellion x2  
  45  4:14  SCV  
  51  4:22  SCV, Supply Depot  
  52  4:26  SCV  
  52  4:28  Marine  
  52  4:29  Stimpack  
  54  4:33  Starport Reactor, Barracks  
  54  4:39  SCV  
  54  4:42  Barracks  
  55  4:45  Factory Tech Lab  
  55  4:46  Marine  
  55  4:48  SCV  
  55  4:51  SCV  
  58  5:03  SCV  
  58  5:06  Engineering Bay  
  59  5:09  Engineering Bay  
  59  5:13  SCV  
  61  5:14  Orbital Command  
  61  5:18  SCV  
  61  5:19  Refinery  
  61  5:20  Refinery  
  58  5:25  SCV, Marine, Siege Tank  
  58  5:28  Starport Reactor  
  63  5:30  SCV  
  63  5:33  Marine x3  
  63  5:35  Marine  
  68  5:36  Terran Infantry Weapons Level 1  
  68  5:37  SCV  
  68  5:42  SCV x2  
  71  5:43  Marine  
  71  5:47  Terran Infantry Armor Level 1  
  71  5:49  SCV  
  73  5:51  Marine x3  
  73  5:52  Marine  
  73  5:56  SCV  
  73  5:57  SCV  
  79  6:00  Marine  
  79  6:01  Siege Tank  
  83  6:09  Marine x2  
  83  6:10  Orbital Command  
  81  6:15  SCV x2  
  81  6:16  Medivac x2, Marine x2  
  80  6:19  Marine, Barracks  
  80  6:20  Barracks  
  80  6:24  Supply Depot  
  81  6:26  Supply Depot, Marine  
  81  6:27  SCV x2, Marine  
  81  6:28  Combat Shield  
  85  6:33  Armory  
  85  6:45  SCV x3, Marine  
  85  6:46  Siege Tank  
  92  6:53  Supply Depot  
  92  6:54  Supply Depot x2  
  92  6:57  Marine x4  
  92  6:58  SCV  
  92  6:59  Medivac  
  99  7:02  Medivac  
  99  7:08  Barracks Reactor x2  
  101  7:14  SCV x2, Marine x3  
  101  7:15  Marine x2  
  108  7:16  SCV  
  108  7:20  Refinery  
  108  7:21  Siege Tank  
  108  7:22  Supply Depot  
  112  7:26  SCV  
  113  7:31  Terran Infantry Weapons Level 2  
  113  7:32  Marine x3  
  113  7:33  Marine  
  117  7:42  Terran Infantry Armor Level 2  
  113  7:46  Marine x2  
  113  7:47  Marine x3  
  115  7:52  Factory  
  115  7:53  Marine x2  
  115  7:54  Marine x2  
  115  7:55  Siege Tank  
  115  7:56  SCV  
  123  7:58  Supply Depot  
  123  7:59  Supply Depot  
  123  8:03  Marine  
  123  8:05  Marine x2  
  121  8:07  SCV  
  121  8:08  SCV  
  121  8:09  SCV, Sensor Tower  
  121  8:10  Marine x2  
  121  8:11  Marine x2  
  130  8:13  Supply Depot  
  130  8:14  Missile Turret, Marine x2  
  132  8:20  Medivac  
  132  8:21  Medivac, Marine  
  132  8:23  Marine  
  132  8:26  Marine  
  139  8:28  Marine x3  
  139  8:29  Supply Depot  
  142  8:35  Marine x2  
  142  8:36  Marine  
  142  8:37  Factory Tech Lab, Siege Tank  
  144  8:54  Marine  
  144  8:55  Supply Depot, Marine x8  
  152  8:56  Supply Depot x2, Medivac  
  152  8:59  Siege Tank  
  157  9:12  Marine x8  
  157  9:17  Marine  
  165  9:23  Siege Tank  
  169  9:26  Bunker  
  169  9:30  Marine x6  
  175  9:32  Marine x2  
  175  9:33  Medivac x2, Siege Tank  
  175  9:34  Marine  
  185  9:43  Supply Depot  
  181  9:48  Marine x6  
  181  9:50  Marine  
  181  9:51  Marine  
  181  9:52  Marine  
  170  10:06  Marine x6  
  155  10:10  Marine x2  
  152  10:19  SCV x2  
  150  10:21  Marine  
  150  10:22  Siege Tank  
  150  10:23  Marine  
  150  10:24  Marine x2  
  150  10:28  Marine x3  
  150  10:29  Siege Tank  
  153  10:37  Marine  

Tags
 
Add a new tag
Caveats
  • Supply blocks, unpowered buildings, or Contaminate may cause inaccurate times.
  • Supply counts are checked every 10 seconds.